[Event "Titled Tuesday Blitz May 03 Early 2022"]
[White "Thybo, Jesper Sondergaard"]
[Black "Odegov, Artem"]
[WhiteFideId "1438832"]
[BlackFideId "34183644"]
[WhiteElo "2316"]
[BlackElo "2286"]
[Result "1-0"]
[Round "10"]
[TimeControl "180+1"]
[Date "2022.05.03"]
[WhiteClock "0:01:30"]
[BlackClock "0:00:01"]

1. Nf3 d5 2. b3 c6 3. Bb2 Bf5 4. g3 Nf6 5. Bg2 e6 6. O-O h6 7. c4 Nbd7 8. d3 Be7 9. Nbd2 O-O 10. a3 Bh7 11. b4 a5 12. Qb3 c5 13. b5 b6 14. a4 Qc7 15. Rfe1 Rad8 16. e4 d4 17. h3 e5 18. Nh4 g6 19. Rf1 Nh5 20. Nhf3 f5 21. Rae1 Bd6 22. exf5 gxf5 23. Nh4 Kh8 24. Qd1 Ndf6 25. Bc1 Rg8 26. Qf3 e4 27. dxe4 fxe4 28. Nxe4 Bxe4 29. Rxe4 Bxg3 30. fxg3 Rxg3 31. Qf5 Rdg8 32. Bf4 Qg7 33. Bxg3 Nxe4 34. Be5 1-0


[Site "https://www.chess.com"]

[Event "Titled Tuesday Blitz May 03 Early 2022"]
[White "Toncheva, Nadya"]
[Black "Delorme, Alban"]
[WhiteFideId "2924056"]
[BlackFideId "623636"]
[WhiteElo "1884"]
[BlackElo "2197"]
[Result "0-1"]
[Round "10"]
[TimeControl "180+1"]
[Date "2022.05.03"]
[WhiteClock "0:00:04"]
[BlackClock "0:01:26"]

1. e4 c5 2. c3 Nf6 3. e5 Nd5 4. Nf3 Nc6 5. Bc4 Nb6 6. Bb3 d5 7. exd6 Qxd6 8. O-O g6 9. d4 cxd4 10. cxd4 Bg7 11. Be3 O-O 12. Nc3 Bg4 13. h3 Bxf3 14. Qxf3 Nxd4 15. Bxd4 Bxd4 16. Qxb7 Bxc3 17. bxc3 Qf6 18. Rac1 e6 19. Rfd1 Qf4 20. g3 Qf5 21. Kg2 Qc5 22. Qe4 a5 23. Qd4 Qc7 24. Rd2 a4 25. Bd1 Rad8 26. Qe3 Nc4 27. Qh6 Rxd2 28. Bxa4 Qb7+ 29. Kg1 Qf3 30. Rf1 Rfd8 31. Bb5 Ne5 32. Qg5 f6 33. Qh4 Rd1 34. Qb4 Rxf1+ 35. Bxf1 Rd1 36. Qb8+ Kg7 37. Qa7+ Nf7 38. h4 Qe2 0-1


[Site "https://www.chess.com"]

[Event "Titled Tuesday Blitz May 03 Early 2022"]
[White "Trost, Edvin"]
[Black "Balabayeva, Xeniya"]
[WhiteFideId "1729519"]
[BlackFideId "13719688"]
[WhiteElo "2160"]
[BlackElo "1941"]
[Result "1-0"]
[Round "10"]
[TimeControl "180+1"]
[Date "2022.05.03"]
[WhiteClock "0:01:20"]
[BlackClock "0:00:01"]

1. g4 d5 2. Bg2 c6 3. c4 e6 4. d4 h5 5. g5 Bd6 6. Nf3 Ne7 7. Nc3 Ng6 8. h4 dxc4 9. Nd2 Bc7 10. Nxc4 Nd7 11. b3 Nb6 12. Ba3 Nd5 13. Ne4 Nge7 14. Ned6+ Bxd6 15. Nxd6+ Kf8 16. Qd2 Bd7 17. e4 Nb6 18. Qf4 Be8 19. Nxb7 Qxd4 20. O-O e5 21. Qg3 Qd7 22. Nc5 Qc7 23. f4 exf4 24. Rxf4 Kg8 25. Ne6 1-0


[Site "https://www.chess.com"]

[Event "Titled Tuesday Blitz May 03 Early 2022"]
[White "Turutin, Alexander"]
[Black "Bintang, Rasyid A. Hidayat"]
[WhiteFideId "4180623"]
[BlackFideId "7105355"]
[WhiteElo "2402"]
[BlackElo "2423"]
[Result "0-1"]
[Round "10"]
[TimeControl "180+1"]
[Date "2022.05.03"]
[WhiteClock "0:00:15"]
[BlackClock "0:00:35"]

1. e4 c5 2. Nf3 Nc6 3. Bb5 g6 4. Bxc6 bxc6 5. e5 Bg7 6. O-O Nh6 7. d4 cxd4 8. Qxd4 Nf5 9. Qe4 h5 10. h3 d5 11. exd6 Qxd6 12. c3 O-O 13. Na3 Be6 14. Bf4 Bd5 15. Qxf5 gxf5 16. Bxd6 exd6 17. Nh4 Be6 18. g3 Rab8 19. b3 Bxc3 20. Rad1 d5 21. Nc2 f4 22. Kg2 Bf6 23. Nd4 Bxh4 24. gxh4 c5 25. Ne2 f3+ 26. Kxf3 Bxh3 27. Rd2 Bxf1 0-1


[Site "https://www.chess.com"]

[Event "Titled Tuesday Blitz May 03 Early 2022"]
[White "Vagman, Roy"]
[Black "Piliczewski, Bogusz"]
[WhiteFideId "2828995"]
[BlackFideId "1104144"]
[WhiteElo "1927"]
[BlackElo "1896"]
[Result "1-0"]
[Round "10"]
[TimeControl "180+1"]
[Date "2022.05.03"]
[WhiteClock "0:02:17"]
[BlackClock "0:00:29"]

1. Nf3 d5 2. Nc3 Nf6 3. e3 Bf5 4. d4 e6 5. Ne2 h6 6. Ng3 Bh7 7. Bd3 Ne4 8. O-O Bd6 9. c3 O-O 10. Qc2 f5 11. Ne5 Bxe5 12. dxe5 Nd7 13. f4 c5 14. c4 Rc8 15. b3 a6 16. Bb2 Kh8 17. Rad1 Bg8 18. Nxe4 fxe4 19. Be2 Qe7 20. Bg4 b6 21. g3 Rcd8 22. cxd5 exd5 23. Qc3 Be6 24. f5 Bg8 25. f6 Qxe5 26. Qxe5 Nxe5 27. fxg7+ Kxg7 28. Bxe5+ Kg6 29. h4 h5 30. Be2 Be6 31. Bxa6 Rf5 32. Rxf5 Kxf5 33. Bf4 Kg4 34. Kg2 Ra8 35. Be2+ Kf5 36. a4 Bf7 37. Rf1 Ke6 38. g4 hxg4 39. Bxg4+ Ke7 40. Bg5+ Ke8 41. Rf6 Rc8 42. Bxc8 1-0


[Site "https://www.chess.com"]

[Event "Titled Tuesday Blitz May 03 Early 2022"]
[White "Vifleemskaia, Svetlana"]
[Black "Perez Molina, Robinson"]
[WhiteFideId "4129490"]
[BlackFideId "3403882"]
[WhiteElo "1901"]
[BlackElo "2252"]
[Result "0-1"]
[Round "10"]
[TimeControl "180+1"]
[Date "2022.05.03"]
[WhiteClock "0:00:22"]
[BlackClock "0:00:38"]

1. d4 Nf6 2. c4 e6 3. Nc3 Bb4 4. e4 Nxe4 5. Qd3 d5 6. Nf3 O-O 7. Be2 b6 8. a3 Bxc3+ 9. bxc3 Ba6 10. Qe3 Nd7 11. O-O Ndf6 12. Ne5 dxc4 13. Nc6 Qd6 14. Nb4 Bb7 15. Bxc4 a5 16. Nc2 Qc6 17. f3 Qxc4 18. fxe4 Nxe4 19. Bd2 Nxd2 20. Qxd2 Rad8 21. Ne3 Qa4 22. Rf4 c5 23. Ng4 cxd4 24. cxd4 Kh8 25. Qe3 Qc6 26. Rf2 f6 27. Re1 Rfe8 28. h4 Qd5 29. Nh6 Qh5 0-1


[Site "https://www.chess.com"]

[Event "Titled Tuesday Blitz May 03 Early 2022"]
[White "Vignesh, N R"]
[Black "Al-Tarboush, Ward"]
[WhiteFideId "25012215"]
[BlackFideId "7601450"]
[WhiteElo "2363"]
[BlackElo "2276"]
[Result "1-0"]
[Round "10"]
[TimeControl "180+1"]
[Date "2022.05.03"]
[WhiteClock "0:00:33"]
[BlackClock "0:01:01"]

1. Nf3 d5 2. g3 Nf6 3. Bg2 Nc6 4. O-O e5 5. d3 Be7 6. e4 O-O 7. exd5 Nxd5 8. Re1 Bf6 9. Nbd2 Re8 10. Ne4 Bf5 11. Nxf6+ Qxf6 12. Bg5 Qd6 13. Nd2 h6 14. Nc4 Qd7 15. Bd2 Rad8 16. Qh5 Nf6 17. Qh4 e4 18. Bxh6 exd3 19. cxd3 Qxd3 20. Ne3 Bg6 21. Rad1 Qb5 22. Bg5 Rxd1 23. Rxd1 Qxb2 24. Bxf6 Qxf6 25. Qxf6 gxf6 26. Nd5 Kg7 27. Nxc7 Re2 28. Ra1 Nb4 29. Bxb7 Rxa2 30. Rxa2 Nxa2 31. Ne8+ Kf8 32. Nxf6 a5 33. h4 a4 34. h5 Nc3 35. hxg6 a3 36. Nd7+ Kg7 37. gxf7 Kxf7 38. Nc5 Ne2+ 39. Kf1 Nc1 40. Bd5+ Ke7 41. Nb3 Nd3 42. Na1 1-0


[Site "https://www.chess.com"]

[Event "Titled Tuesday Blitz May 03 Early 2022"]
[White "Visakh N R"]
[Black "Sjugirov, Sanan"]
[WhiteFideId "25012223"]
[BlackFideId "4189302"]
[WhiteElo "2448"]
[BlackElo "2602"]
[Result "1-0"]
[Round "10"]
[TimeControl "180+1"]
[Date "2022.05.03"]
[WhiteClock "0:01:38"]
[BlackClock "0:00:58"]

1. Nf3 c5 2. c4 Nc6 3. Nc3 e5 4. e3 Nf6 5. d4 e4 6. d5 exf3 7. dxc6 dxc6 8. Qxd8+ Kxd8 9. gxf3 g6 10. b3 Bg7 11. Bb2 b6 12. O-O-O+ Ke7 13. Ne4 Be6 14. Bg2 Nh5 15. f4 Bxb2+ 16. Kxb2 Ng7 17. Ng5 Rac8 18. Rd2 h6 19. Nf3 f6 20. Nh4 Bf7 21. Rhd1 Rc7 22. Be4 f5 23. Bc2 Rg8 24. Nf3 Ne6 25. Ne5 Rd8 26. Rxd8 Nxd8 27. e4 fxe4 28. Bxe4 Be8 29. Bxg6 Ne6 30. Bxe8 Kxe8 31. f5 Nd4 32. f6 Kf8 33. Rg1 Ne6 34. Rg6 Rh7 35. f7 Nd8 36. Rg8+ 1-0


[Site "https://www.chess.com"]

[Event "Titled Tuesday Blitz May 03 Early 2022"]
[White "Vovk, Orest"]
[Black "Rosen, Eric"]
[WhiteFideId "14113490"]
[BlackFideId "2032562"]
[WhiteElo "2203"]
[BlackElo "2362"]
[Result "0-1"]
[Round "10"]
[TimeControl "180+1"]
[Date "2022.05.03"]
[WhiteClock "0:00:57"]
[BlackClock "0:00:58"]

1. h4 d5 2. h5 h6 3. e4 dxe4 4. Nc3 Nf6 5. Qe2 Bf5 6. Qb5+ Bd7 7. Qxb7 Nc6 8. Bb5 Rb8 9. Qxc6 Bxc6 10. Bxc6+ Nd7 11. Nxe4 Rb6 12. Ba4 e6 13. Nf3 Be7 14. Ne5 c6 15. Nxd7 Qxd7 16. d3 O-O 17. Bb3 a5 18. Be3 Rbb8 19. Nc5 Qc8 20. Rh3 Rd8 21. Rg3 Kf8 22. Rf3 Bxc5 23. Bxc5+ Kg8 24. Kf1 Rb5 25. Be3 Rxh5 26. Ke2 Qb8 27. Bf4 Qb4 28. Bd2 Re5+ 29. Be3 a4 30. Bxa4 Qxa4 31. Rf4 Qxf4 0-1


[Site "https://www.chess.com"]

[Event "Titled Tuesday Blitz May 03 Early 2022"]
[White "Weishaeutel, Moritz"]
[Black "Chuemsakul, Sarocha"]
[WhiteFideId "12967300"]
[BlackFideId "6203710"]
[WhiteElo "2002"]
[BlackElo "1703"]
[Result "1-0"]
[Round "10"]
[TimeControl "180+1"]
[Date "2022.05.03"]
[WhiteClock "0:00:54"]
[BlackClock "0:00:18"]

1. e4 e5 2. Bc4 Nf6 3. d3 Bc5 4. Nc3 Nc6 5. f4 d6 6. Nf3 Bg4 7. Na4 Nd4 8. Nxc5 dxc5 9. Bxf7+ Kxf7 10. Nxe5+ Kg8 11. Nxg4 Nxg4 12. c3 Nc6 13. Qxg4 Qxd3 14. Qe6+ Kf8 15. Bd2 Re8 16. Qf5+ Kg8 17. O-O-O Qxe4 18. Qxc5 h6 19. Rhe1 Qg6 20. Rxe8+ Qxe8 21. Re1 Qf7 22. Qb5 Kh7 23. Qxb7 Na5 24. Qe4+ g6 25. Qe7 Rf8 26. Qxf7+ Rxf7 27. b3 c5 28. Re5 Nb7 29. c4 Rc7 30. Be3 Kg7 31. Re6 Kf7 32. Ra6 Nd8 33. f5 g5 34. Rxh6 1-0


[Site "https://www.chess.com"]

[Event "Titled Tuesday Blitz May 03 Early 2022"]
[White "Wong, Yinn Long"]
[Black "Oganian, Miran"]
[WhiteFideId "5707684"]
[BlackFideId "4122488"]
[WhiteElo "2055"]
[BlackElo "2357"]
[Result "0-1"]
[Round "10"]
[TimeControl "180+1"]
[Date "2022.05.03"]
[WhiteClock "0:00:02"]
[BlackClock "0:01:22"]

1. Nf3 d5 2. b3 Nf6 3. Bb2 g6 4. e3 Bg7 5. d4 O-O 6. c4 Ne4 7. Bd3 c5 8. cxd5 Qxd5 9. O-O Nc6 10. Bxe4 Qxe4 11. Nc3 Qg4 12. dxc5 Qh5 13. Rc1 Rd8 14. Qe2 Bg4 15. h3 Bxf3 16. Qxf3 Qxf3 17. gxf3 Ne5 18. Rc2 Rac8 19. f4 Nd3 20. Ba3 Nxc5 21. Bxc5 Rxc5 22. Rfc1 Rdc8 23. Rd1 Rxc3 24. Rxc3 Rxc3 25. Rd7 a5 26. Rxe7 b5 27. Ra7 Rc1+ 28. Kg2 Bc3 29. Rb7 b4 30. Ra7 Rc2 31. Rxa5 Be1 32. Kf3 f5 33. Ra8+ Kg7 34. Ra7+ Kh6 35. e4 Rxf2+ 36. Ke3 Rh2 37. Re7 fxe4 38. Rxe4 Rxh3+ 39. Ke2 Bc3 40. Rc4 Rh2+ 41. Kf3 Rxa2 42. Kg4 Rg2+ 43. Kh4 Rb2 44. f5 Rxb3 45. fxg6 hxg6 46. Kg4 Rb1 47. Rc8 b3 48. Kh4 b2 49. Rxc3 Rh1+ 0-1


[Site "https://www.chess.com"]

[Event "Titled Tuesday Blitz May 03 Early 2022"]
[White "Zainullina, Nataliya"]
[Black "Johnson, Ben"]
[WhiteFideId "4145488"]
[BlackFideId "2010917"]
[WhiteElo "2090"]
[BlackElo "2200"]
[Result "0-1"]
[Round "10"]
[TimeControl "180+1"]
[Date "2022.05.03"]
[WhiteClock "0:00:16"]
[BlackClock "0:00:09"]

1. Nf3 d5 2. g3 c6 3. Bg2 Nf6 4. O-O Bg4 5. d4 e6 6. Nbd2 Be7 7. c4 O-O 8. Qc2 Nbd7 9. Rd1 Re8 10. b3 Bf8 11. Bb2 Bf5 12. Qc1 Ne4 13. Nxe4 Bxe4 14. Nd2 Bxg2 15. Kxg2 e5 16. dxe5 Nxe5 17. Nf3 Nxf3 18. Kxf3 Qe7 19. Qc2 dxc4 20. Qxc4 b5 21. Qc2 c5 22. e3 Qb7+ 23. Ke2 c4 24. Bd4 Rac8 25. Qf5 Re6 26. Rac1 cxb3 27. axb3 Rxc1 28. Rxc1 a5 29. Qd3 a4 30. bxa4 bxa4 31. Ra1 a3 32. Qc4 h6 33. Ra2 Qg2 34. h4 Qe4 35. Qd3 Qd5 36. Qd2 Rc6 37. Kf1 Qh1+ 38. Ke2 Rc1 39. Kd3 Qf1+ 40. Ke4 Qg2+ 41. Kd3 Rc6 42. Qe2 Qd5 43. Qd2 Qc4+ 44. Ke4 Re6+ 45. Kf4 g5+ 46. hxg5 hxg5+ 47. Kf3 Qd5+ 48. Ke2 Re4 49. Qd3 Qxa2+ 50. Kf3 Rxd4 51. Qxd4 Qe6 52. Kg2 a2 53. Qc3 Bg7 54. Qa5 a1=Q 55. Qd8+ Kh7 56. Qxg5 Qaf6 57. Qh5+ Qh6 58. Qa5 Qc6+ 59. f3 Qc2+ 60. Kf1 Qh1# 0-1


[Site "https://www.chess.com"]

[Event "Titled Tuesday Blitz May 03 Early 2022"]
[White "Zemlyanskii, Ivan"]
[Black "Prohorov, Olexandr"]
[WhiteFideId "24249971"]
[BlackFideId "14105578"]
[WhiteElo "1759"]
[BlackElo "1993"]
[Result "1-0"]
[Round "10"]
[TimeControl "180+1"]
[Date "2022.05.03"]
[WhiteClock "0:00:16"]
[BlackClock "0:00:03"]

1. d4 g6 2. c4 Bg7 3. Nc3 c5 4. d5 Bxc3+ 5. bxc3 f5 6. h4 Nf6 7. h5 Nxh5 8. e4 fxe4 9. Rxh5 d6 10. Rh1 O-O 11. Ne2 Qa5 12. Qc2 Nd7 13. Ng3 Nf6 14. Be2 b5 15. Bd2 bxc4 16. Nxe4 Bf5 17. f3 Rae8 18. Rc1 e6 19. Nxf6+ Rxf6 20. Qb2 exd5 21. Kf2 Rfe6 22. Rce1 Qd8 23. Qb7 Qe7 24. Qxd5 Kg7 25. Qxc4 d5 26. Qb5 a6 27. Bh6+ Kh8 28. Qb2 Bd3 29. Kg3 Rxe2 30. Rxe2 Qxe2 31. Qb7 Qe7 32. Qxd5 c4 33. Qd4+ Qe5+ 34. Qxe5+ Rxe5 35. Rh4 Kg8 36. Rd4 Kf7 37. Rd7+ Ke6 38. Rxh7 Re2 39. a4 Ra2 40. Ra7 Rxa4 41. Kf4 Ra2 42. g4 1-0


[Site "https://www.chess.com"]

[Event "Titled Tuesday Blitz May 03 Early 2022"]
[White "Zhu, Jiner"]
[Black "Kazakouski, Valery"]
[WhiteFideId "8608059"]
[BlackFideId "13507443"]
[WhiteElo "2281"]
[BlackElo "2524"]
[Result "0-1"]
[Round "10"]
[TimeControl "180+1"]
[Date "2022.05.03"]
[WhiteClock "0:00:03"]
[BlackClock "0:00:10"]

1. e4 c5 2. Nf3 a6 3. c3 d5 4. exd5 Qxd5 5. d4 Bg4 6. Be2 Nf6 7. Be3 cxd4 8. cxd4 e6 9. Nc3 Qd6 10. O-O Nc6 11. h3 Bh5 12. Qb3 Qb4 13. Rfd1 Rd8 14. Qc2 Be7 15. a3 Qd6 16. Qb3 b5 17. Rac1 O-O 18. a4 b4 19. Nb1 Na5 20. Qd3 Ra8 21. Ne5 Bxe2 22. Qxe2 Rfc8 23. Nd2 Nd5 24. Ne4 Qd8 25. Rxc8 Qxc8 26. Rc1 Qe8 27. Qc2 b3 28. Qd3 Qxa4 29. Bd2 Nb4 30. Qf3 Rf8 31. Rc7 Nd5 32. Rc1 Qxd4 33. Nd7 Nc4 34. Nxf8 Nxd2 35. Nxd2 Qxd2 36. Rd1 Qxb2 37. Nd7 Qc2 38. Ne5 Bf6 39. Ng4 Bc3 40. Rxd5 exd5 41. Qxd5 h5 42. Ne3 Qc1+ 43. Kh2 b2 44. Qd8+ Kh7 45. Qd3+ g6 46. Qc4 b1=Q 47. Qxf7+ Bg7 0-1


[Site "https://www.chess.com"]

[Event "Titled Tuesday Blitz May 03 Early 2022"]
[White "Abarca Gonzalez, Nicolas"]
[Black "Martinez Alcantara, Jose Eduardo"]
[WhiteFideId "3409422"]
[BlackFideId "3805662"]
[WhiteElo "2504"]
[BlackElo "2690"]
[Result "1-0"]
[Round "11"]
[TimeControl "180+1"]
[Date "2022.05.03"]
[WhiteClock "0:00:18"]
[BlackClock "0:00:05"]

1. e4 c5 2. Nf3 d6 3. Bc4 e6 4. Qe2 Be7 5. O-O Nc6 6. c3 Nf6 7. d4 cxd4 8. cxd4 d5 9. exd5 exd5 10. Bb5 O-O 11. Bxc6 bxc6 12. Nc3 Bg4 13. h3 Bh5 14. g4 Bg6 15. Ne5 Rc8 16. f4 Be4 17. g5 Ne8 18. Nxe4 dxe4 19. Qxe4 Nd6 20. Qd3 Nb5 21. Be3 Qd5 22. a4 Nd6 23. Rac1 f6 24. Ng4 Nf5 25. gxf6 Nh4 26. Qc4 Bxf6 27. Qxd5+ cxd5 28. Rc5 Nf5 29. Nxf6+ gxf6 30. Bf2 Rcd8 31. Re1 Kf7 32. Ra5 Rd7 33. b4 Rb8 34. Rb1 Re8 35. b5 Re4 36. Ra6 Rxf4 37. a5 Kg8 38. Rb3 Rg7+ 39. Kf1 Ng3+ 40. Ke1 Ne4 41. Rb2 Re7 42. Kf1 Ng3+ 43. Kg2 Ne4 44. b6 axb6 45. axb6 Nxf2 46. b7 Re8 47. Rxf2 Rxd4 48. Ra8 Kf7 49. Rxe8 1-0


[Site "https://www.chess.com"]

[Event "Titled Tuesday Blitz May 03 Early 2022"]
[White "Agasarov, Benik"]
[Black "Khamdamova, Afruza"]
[WhiteFideId "13314823"]
[BlackFideId "14210444"]
[WhiteElo "2517"]
[BlackElo "1660"]
[Result "1-0"]
[Round "11"]
[TimeControl "180+1"]
[Date "2022.05.03"]
[WhiteClock "0:00:10"]
[BlackClock "0:00:04"]

1. c4 Nf6 2. g3 d5 3. cxd5 Nxd5 4. Bg2 g6 5. Nc3 c6 6. Nf3 Bg7 7. O-O O-O 8. e4 Nxc3 9. bxc3 Qd3 10. Ne1 Qc4 11. Bb2 Rd8 12. d3 Qa6 13. Qc2 Be6 14. c4 Bxb2 15. Qxb2 Nd7 16. Rb1 Nc5 17. d4 Na4 18. Qxb7 Bxc4 19. Qxe7 Bxf1 20. Bxf1 Qa5 21. Bc4 Rf8 22. Nf3 Nb6 23. Bb3 Rae8 24. Qf6 Nd7 25. Qxc6 Nb8 26. Qf6 Qd8 27. Qxd8 Rxd8 28. d5 Nd7 29. e5 Nc5 30. d6 Nxb3 31. Rxb3 f6 32. Rd3 Kf7 33. Nd4 fxe5 34. Nc6 Ke6 35. Nxd8+ Rxd8 36. Kg2 Rxd6 37. Ra3 a6 38. Kf3 h5 39. h4 Kf5 40. Ke3 g5 41. hxg5 Kxg5 42. Ra5 Kf6 43. a3 Rb6 44. Ke4 Re6 45. f3 Rc6 46. Rxe5 Rc4+ 47. Kd5 Ra4 48. Re3 Ra5+ 49. Kc6 Kg5 50. Kb6 Ra4 51. Re5+ Kg6 52. Ra5 Rd4 53. Rxa6 Rd3 54. Kc5+ Kg5 55. f4+ Kf5 56. Rh6 Rxg3 57. Rxh5+ Kxf4 58. a4 Ra3 59. Kb6 Kg4 60. Ra5 Kf4 61. Kb5 Ke4 62. Kb4 Ra1 63. Ra8 Kd5 64. Rc8 Kd6 65. Kb5 Kd7 66. Rc3 Rb1+ 67. Ka6 Ra1 68. a5 Ra2 69. Kb6 Rb2+ 70. Ka7 Ra2 71. a6 Ra1 72. Kb7 Rb1+ 73. Ka8 Ra1 74. Ka7 Rb1 75. Ra3 Kc7 76. Ka8 Rb8+ 77. Ka7 Rb1 78. Rc3+ Kd7 79. Rc4 Rb2 80. Ka8 Ra2 81. Ka7 Rb2 82. Rc5 Ra2 83. Rb5 Kc6 84. Rb7 Ra3 85. Rh7 Ra2 86. Rh6+ Kc7 87. Rh3 Ra1 88. Rc3+ Kd7 89. Kb7 Rb1+ 90. Ka8 Ra1 91. a7 Kd8 92. Rb3 Kc7 93. Rb7+ Kc8 94. Rb2 Kc7 95. Rc2+ Kd7 96. Rh2 Kc7 97. Rh7+ Kc8 98. Rb7 Ra2 99. Rb5 Kc7 100. Rc5+ Kd7 101. Kb7 Rb2+ 102. Ka6 Ra2+ 103. Ra5 1-0


[Site "https://www.chess.com"]

[Event "Titled Tuesday Blitz May 03 Early 2022"]
[White "Al-Tarboush, Ward"]
[Black "Tanenbaum, Zachary"]
[WhiteFideId "7601450"]
[BlackFideId "2060850"]
[WhiteElo "2276"]
[BlackElo "2168"]
[Result "0-1"]
[Round "11"]
[TimeControl "180+1"]
[Date "2022.05.03"]
[WhiteClock "0:02:44"]
[BlackClock "0:02:04"]

1. e4 e5 2. Nf3 Nc6 3. Bb5 a6 4. Ba4 d6 5. d4 b5 6. Bb3 Nxd4 7. Nxd4 exd4 8. c3 Bb7 9. cxd4 Nf6 10. O-O Be7 11. Re1 O-O 12. Nc3 b4 13. Nd5 Nxd5 14. exd5 Bf6 15. Be3 Qd7 16. Qf3 Rfe8 17. Rac1 Re7 18. h3 Rae8 19. Red1 h6 0-1


[Site "https://www.chess.com"]

[Event "Titled Tuesday Blitz May 03 Early 2022"]
[White "Aradhya, Garg"]
[Black "Souleidis, Georgios"]
[WhiteFideId "25006746"]
[BlackFideId "4206827"]
[WhiteElo "2169"]
[BlackElo "2401"]
[Result "1-0"]
[Round "11"]
[TimeControl "180+1"]
[Date "2022.05.03"]
[WhiteClock "0:00:45"]
[BlackClock "0:00:08"]

1. d4 Nf6 2. c4 g6 3. g3 Bg7 4. Bg2 O-O 5. Nc3 d6 6. Nf3 Nc6 7. O-O e5 8. dxe5 Nxe5 9. b3 Nxf3+ 10. Bxf3 Ne4 11. Nxe4 Bxa1 12. Bg5 f6 13. Bh6 Be5 14. Bxf8 Qxf8 15. Qd2 f5 16. Ng5 h6 17. Bd5+ Kg7 18. Bxb7 Rb8 19. Bxc8 Qxc8 20. Nf3 Bf6 21. c5 dxc5 22. Rc1 Be7 23. Qc3+ Kh7 24. Rd1 Bd6 25. Ne5 Qe6 26. Nc4 Re8 27. e3 h5 28. Qd3 Rd8 29. Qd5 Qxd5 30. Rxd5 Kg7 31. Kg2 Kf6 32. h3 Ke6 33. Rd2 Rb8 34. f4 a6 35. Kf3 Rh8 36. h4 Ra8 37. e4 fxe4+ 38. Kxe4 a5 39. a4 Ra7 40. Rd5 Ra8 41. Rg5 Kf6 42. Kd5 Be7 43. Kc6 Rd8 44. Re5 Rd3 45. Re3 Rd1 46. Kxc7 Bf8 47. Nxa5 Kf5 48. Re5+ Kf6 49. Nc4 Rb1 50. Re3 Kf5 51. a5 Ra1 52. Kb7 Bg7 53. a6 Bd4 54. Re5+ Bxe5 55. fxe5 Kg4 56. e6 Kxg3 57. a7 Kxh4 58. a8=Q Rxa8 59. Kxa8 g5 60. e7 1-0


[Site "https://www.chess.com"]

[Event "Titled Tuesday Blitz May 03 Early 2022"]
[White "Baches Garcia, Guillermo"]
[Black "Araujo Filho, Luiz Antonio Coel"]
[WhiteFideId "2209764"]
[BlackFideId "2130661"]
[WhiteElo "2492"]
[BlackElo "2299"]
[Result "0-1"]
[Round "11"]
[TimeControl "180+1"]
[Date "2022.05.03"]
[WhiteClock "0:00:23"]
[BlackClock "0:00:08"]

1. e4 c6 2. c4 d5 3. exd5 cxd5 4. cxd5 Nf6 5. Nc3 Nxd5 6. Nf3 Nxc3 7. bxc3 g6 8. d4 Bg7 9. Bd3 O-O 10. O-O Nc6 11. Re1 a6 12. h3 b5 13. Be4 Bb7 14. a4 Qc7 15. axb5 axb5 16. Rxa8 Rxa8 17. Bd2 Na5 18. Bxb7 Qxb7 19. Bg5 f6 20. Bf4 Nc4 21. Nd2 Ra3 22. Qc1 Ra2 23. Nb3 e5 24. Bg3 Qd5 25. Nc5 Bf8 26. Ne4 Kg7 27. dxe5 Nxe5 28. Bxe5 Qxe5 29. Qb1 Ra3 30. Qd3 Ra7 31. Rb1 Rb7 32. Qc2 Rc7 33. Qd3 Rb7 34. Ng3 h5 35. c4 b4 36. Qd5 Qxd5 37. cxd5 Bc5 38. Ne4 Bd4 39. Nd6 Rd7 40. Nc4 Bc3 41. Rd1 Kf7 42. d6 Ke6 43. Nb6 Rxd6 44. Rxd6+ Kxd6 45. Nc4+ Kc5 46. Ne3 Kd4 47. Kf1 Kd3 48. Nd5 Kc2 49. Nxb4+ Bxb4 50. Ke2 Bd6 51. Kf3 Kc3 52. Ke4 Kc4 53. g4 hxg4 54. hxg4 Kc5 55. f4 Kc6 56. Kd4 Kd7 57. f5 g5 58. Kd5 Be5 59. Kc5 Kc7 60. Kd5 Kd7 61. Kc5 Kc7 62. Kd5 Kb6 63. Ke6 Kc5 64. Kf7 Kd4 65. Kg7 Ke4 66. Kg6 Kf4 67. Kh6 Kxg4 0-1


[Site "https://www.chess.com"]

[Event "Titled Tuesday Blitz May 03 Early 2022"]
[White "Bacrot, Etienne"]
[Black "Zemlyanskii, Ivan"]
[WhiteFideId "605506"]
[BlackFideId "24249971"]
[WhiteElo "2673"]
[BlackElo "1759"]
[Result "0-1"]
[Round "11"]
[TimeControl "180+1"]
[Date "2022.05.03"]
[WhiteClock "0:01:00"]
[BlackClock "0:01:00"]

1. e4 c5 2. Nf3 e6 3. b3 Nc6 4. Bb2 a6 5. c4 Nf6 6. Qe2 d6 7. g3 Be7 8. Bg2 e5 9. Nc3 Nd4 10. Nxd4 cxd4 11. Nd5 Nxd5 12. exd5 O-O 13. d3 b5 14. O-O-O bxc4 15. dxc4 a5 16. a4 Rb8 17. Rd3 Bf5 18. Be4 Bxe4 19. Qxe4 f5 20. Qe2 e4 21. Rxd4 Rxb3 22. Rhd1 Qd7 23. c5 dxc5 24. Rc4 Rfb8 25. d6 Rxb2 26. Qxb2 Rxb2 27. Kxb2 Bxd6 28. Kc2 Qe6 29. Kb3 Be5 30. Rd8+ Kf7 31. Rb8 Bxb8 0-1


[Site "https://www.chess.com"]

[Event "Titled Tuesday Blitz May 03 Early 2022"]
[White "Balabayeva, Xeniya"]
[Black "Gatterer, Florian"]
[WhiteFideId "13719688"]
[BlackFideId "811688"]
[WhiteElo "1941"]
[BlackElo "2218"]
[Result "1-0"]
[Round "11"]
[TimeControl "180+1"]
[Date "2022.05.03"]
[WhiteClock "0:01:31"]
[BlackClock "0:01:04"]

1. d4 Nf6 2. Bf4 d5 3. e3 c5 4. dxc5 Nc6 5. Bb5 Qa5+ 6. Nc3 e6 7. a3 Ne4 8. Ne2 Be7 9. b4 Nxc3 10. Nxc3 Qd8 11. O-O O-O 12. Rb1 Bf6 13. Qd2 Ne5 14. Rfd1 a6 15. Be2 Ng6 16. Bg3 Re8 17. Na4 b5 18. cxb6 Bd7 19. Nc5 Bc6 20. b7 Rb8 21. Bxb8 Qxb8 22. Bxa6 Be5 23. b5 Bxh2+ 24. Kf1 Qd6 25. bxc6 Qxc5 26. g3 Ne5 27. b8=Q h6 28. Qxe8+ Kh7 29. Bd3+ g6 30. Qb4 1-0


[Site "https://www.chess.com"]

[Event "Titled Tuesday Blitz May 03 Early 2022"]
[White "Barria Zuniga, Daniel"]
[Black "Rustemov, Alexander"]
[WhiteFideId "3400816"]
[BlackFideId "4119002"]
[WhiteElo "2414"]
[BlackElo "2713"]
[Result "0-1"]
[Round "11"]
[TimeControl "180+1"]
[Date "2022.05.03"]
[WhiteClock "0:00:02"]
[BlackClock "0:00:10"]

1. c4 c5 2. g3 g6 3. Bg2 Bg7 4. Nc3 Nc6 5. d3 b6 6. Bxc6 Bxc3+ 7. bxc3 dxc6 8. Kf1 h5 9. h3 Be6 10. Kg2 Nf6 11. Nf3 Kf8 12. a4 Kg7 13. Ng5 Qd7 14. Be3 Nh7 15. Nxe6+ Qxe6 16. a5 Nf6 17. Qb3 Nd7 18. Ra3 Rab8 19. axb6 axb6 20. Ra7 Qd6 21. Qa3 Rhc8 22. Rb1 Rc7 23. Rxc7 Qxc7 24. d4 cxd4 25. cxd4 Qd6 26. Qxd6 exd6 27. Bf4 Re8 28. e3 d5 29. cxd5 cxd5 30. Rb5 Nf6 31. Be5 Re6 32. Rxd5 Kf8 33. Bxf6 Rxf6 34. Rd7 Rc6 35. Rb7 g5 36. g4 h4 37. Kf3 Kg7 38. Ke4 Rc2 39. f4 Rh2 40. Rxb6 Rxh3 41. Rb5 gxf4 42. exf4 Rh1 43. Rh5 Kg6 44. f5+ Kg7 45. g5 h3 46. Rh6 h2 47. Kd5 Rf1 48. f6+ Kg8 49. Rxh2 Rf5+ 50. Kd6 Rxg5 51. Ke7 Rg4 52. d5 Re4+ 53. Kd7 Rf4 54. d6 Rxf6 55. Kc7 Rf1 0-1


[Site "https://www.chess.com"]